 Dungeon Crawl Stone Soup version 0.31-a0-236-g9a0961fb85 (webtiles) character file.

Game seed: 3740563021410056037

190 qw the Shooter (level 5, -6/31 HPs)
             Began as a Gargoyle Hexslinger on July 10, 2023.
             Shot with an arrow by a centaur (10 damage)
             ... on level 3 of the Dungeon.
             The game lasted 00:00:44 (1563 turns).

qw the Shooter (Gargoyle Hexslinger)                Turns: 1563, Time: 00:00:45

Health: -6/31      AC:  7    Str: 12    XL:     5   Next: 69%
Magic:  6/6        EV: 11    Int: 13    God:
Gold:   112        SH:  0    Dex: 14    Spells: 5/6 levels left

rFire   + . .        Y - +1 sling
rCold   + . .        (no shield)
rNeg    + . .        h - +0 leather armour
rPois   inf          (no helmet)
rElec   +            g - scarf {rC+ rF+}
rCorr   .            (no gloves)
SInv    .            (no boots)
Will    .....        (no amulet)
Stlth   +            (no ring)
HPRegen 0.25/turn    (no ring)
MPRegen 0.10/turn

%: no passive effects
@: no status effects
A: sickness immunity, AC +4, negative energy resistance 1, electricity
resistance, torment resistance 1, petrification resistance
a: no special abilities


You were on level 3 of the Dungeon.
You visited 1 branch of the dungeon, and saw 3 of its levels.

You collected 112 gold pieces.


Innate Abilities, Weirdness & Mutations

You are immune to sickness and miasma.
Your stone body is resilient. (AC +4)
You are immune to poison.
You resist negative energy. (rN+)
You are resistant to electric shocks. (rElec)
You are resistant to unholy torment.
You are immune to petrification.


   Skills:
 + Level 2.4 Fighting
 - Level 5.3 Ranged Weapons
 - Level 1.5 Dodging
 - Level 1.0 Spellcasting
 - Level 2.6 Hexes


You had 5 spell levels left.
You knew the following spells:

 Your Spells              Type           Power      Damage    Failure   Level
a - Slow                  Hex            28%        N/A       12%         1

Your spell library contained the following spells:

 Spells                   Type           Power      Damage    Failure   Level
 Inner Flame              Hex/Fire       4%         N/A       52%         3
 Portal Projectile        Hex/Tloc       8%         N/A       52%         3
 Cause Fear               Hex            3%         N/A       75%         4

Inventory:

Hand Weapons
 Y - a +1 sling (weapon)
Armour
 g - a scarf of resistance (worn)
 h - a +0 leather armour (worn)
Scrolls
 a - 2 scrolls of identify
 b - a scroll of enchant weapon {unknown}
Potions
 c - a potion of brilliance {unknown}

Dungeon Overview and Level Annotations

Branches:
Dungeon (3/15)

Altars:


Message History

Enter note: You see here 4 stones.
Found a scroll of immolation and a short sword.
Enter note: A centaur comes into view.
The centaur shouts!
The centaur wields a +0 shortbow.
The centaur shoots an arrow.
The arrow barely misses you.
You see here a +0 robe.
Enter note: You shoot a sling bullet.
The sling bullet hits the centaur but does no damage.
The centaur shoots an arrow.
The arrow hits you!
The centaur shoots an arrow.
The arrow hits you but does no damage.
You shoot a sling bullet. The sling bullet hits the centaur.
The centaur is moderately wounded.
The centaur shoots an arrow.
The arrow barely misses you.
You shoot a sling bullet.
The sling bullet completely misses the centaur.
The centaur shoots an arrow.
The arrow hits you.
You shoot a sling bullet.
The sling bullet barely misses the centaur.
The centaur shoots an arrow.
The arrow hits you.
The centaur shoots an arrow.
The arrow hits you.
You shoot a sling bullet.
The sling bullet hits the centaur but does no damage.
The centaur is moderately wounded.
The centaur shoots an arrow.
The arrow completely misses you.
You shoot a sling bullet. The sling bullet hits the centaur!
The centaur is heavily wounded.
The centaur shoots an arrow.
The arrow barely misses you.
The centaur shoots an arrow.
The arrow hits you!
You shoot a sling bullet.
The sling bullet hits the centaur but does no damage.
The centaur is heavily wounded.
The centaur shoots an arrow.
The arrow closely misses you.
You shoot a sling bullet. The sling bullet hits the centaur.
The centaur is almost dead.
The centaur shoots an arrow.
The arrow hits you!
You die...

#.##.#...#######
#.)....#.......#
####.####...#####.#
.....# ##.## .#
###### #.# .# #.#
.# #.######c#
###.##.....#
#......(.@##
#.####.##.# #.
#.##$# # #.##?#
###### #.##.#
.....# #.##.#
####.# #.##)#
..##.# #####.


You could see a centaur.

Vanquished Creatures
  A sky beast (D:3)
  4 adders
  A worm (D:2)
  2 dart slugs (D:1)
  An orc (D:3)
  6 bats
  7 endoplasms
  4 giant cockroaches
  6 goblins
  2 hobgoblins (D:1)
  3 jackals (D:1)
  2 quokkas
  3 ball pythons
  A frilled lizard (D:2)
  5 kobolds
  4 rats
52 creatures vanquished.

Notes
Turn   | Place    | Note
-------+----------+-------------------------------------------
     0 | D:1      | qw the Gargoyle Hexslinger began the quest for the Orb.
     0 | D:1      | Reached XP level 1. HP: 12/12 MP: 2/2
     0 | D:1      | 0 ||| qw: Version: 0.3-a-52-g30416fa
     0 | D:1      | 0 ||| qw: Game counter: 4582
     0 | D:1      | 0 ||| qw: Melee chars always use a shield: true
     0 | D:1      | 0 ||| qw: God list: Okawaru
     0 | D:1      | 0 ||| qw: Allow faded altars: false
     0 | D:1      | 0 ||| qw: Do Orc after clearing Dungeon:15 true
     0 | D:1      | 0 ||| qw: Do second Lair branch before Depths: true
     0 | D:1      | 0 ||| qw: Lair rune preference: random
     0 | D:1      | 0 ||| qw: Goals: Normal
     0 | D:1      | 0 ||| PLANNING D:1-11
    59 | D:1      | Reached XP level 2. HP: 15/16 MP: 3/3
   106 | D:1      | Reached skill level 3 in Ranged Weapons
   210 | D:1      | Reached XP level 3. HP: 21/21 MP: 4/4
   607 | D:1      | 607 ||| UPGRADING to scarf of resistance.
   612 | D:1      | 612 ||| UPGRADING to +0 leather armour.
   622 | D:1      | 622 ||| DROPPING +0 robe.
   623 | D:1      | 623 ||| READING scroll labelled CAOGGO EKHAWO.
   624 | D:1      | 624 ||| READING scroll labelled ECOBAULUSOPH.
   625 | D:1      | 625 ||| READING scroll labelled URGHESHEBLENT.
   626 | D:1      | 626 ||| DROPPING scroll of poison.
   733 | D:2      | Reached XP level 4. HP: 23/26 MP: 5/5
   758 | D:2      | Reached skill level 4 in Ranged Weapons
  1250 | D:2      | 1250 ||| READING scroll labelled DOAPPYKLAA.
  1271 | D:3      | 1271 ||| STAIRDANCE
  1304 | D:3      | Noticed a sky beast
  1322 | D:3      | Killed a sky beast
  1323 | D:3      | Reached skill level 5 in Ranged Weapons
  1323 | D:3      | Reached XP level 5. HP: 13/30 MP: 6/6
  1474 | D:3      | Found a faded altar of an unknown god.
  1555 | D:3      | Noticed a centaur
  1561 | D:3      | HP: 3/31 [centaur/arrow (7)]
  1563 | D:3      | Shot with an arrow by a centaur

Levels and vault maps discovered:
D:1:      nicolae_arrival_washed_ashore, layout_basic, minivault_25
D:2:      layout_rooms, serial_aquarium, aquarium_bridge_square
          [aquarium_subvault_window, aquarium_subvault_window,
          aquarium_subvault_wall, aquarium_subvault_bridge],
          aquarium_bridge_square [aquarium_subvault_wall,
          aquarium_subvault_bridge, aquarium_subvault_wall,
          aquarium_subvault_bridge], aquarium_window_1, aquarium_window_1,
          aquarium_window_corner, aquarium_window_1, aquarium_view_2d
D:3:      layout_loops_ring, nicolae_gozag_cash_rules_everything_around_me,
          ebering_ecumenical_altar_hall, uniq_grinder

Skill      XL: |  1  2  3  4 |
---------------+-------------+-----
Ranged Weapons | 3 5 |  5.3
Fighting       | 2 |  2.4
Dodging        | |  1.5
Spellcasting   | |  1.0
Hexes          | |  2.6

Action                     |  1- 3 |  4- 6 || total
---------------------------+-------+-------++-------
   Fire: Sling             |   120 |    72 ||   192
    Use: Scroll            |     3 |     1 ||     4
 Armour: Robe              |    16 |       ||    16
         Leather armour    |     6 |    11 ||    17
  Dodge: Dodged            |    43 |    33 ||    76

Table legend:
 A = Non-vault XP
 B = Vault XP
 C = Vault XP percentage of total XP
 D = Non-vault monster count
 E = Vault monster count
 F = Vault count percentage of total count
                 A         B        C        D         E       F
            +---------+---------+-------+---------+---------+-------
      Total |     272 |       0 |   0.0 |      52 |       0 |   0.0
            +---------+---------+-------+---------+---------+-------
        D:1 |      58 |       0 |   0.0 |      33 |       0 |   0.0
        D:2 |      59 |       0 |   0.0 |      13 |       0 |   0.0
        D:3 |     155 |       0 |   0.0 |       6 |       0 |   0.0
            +---------+---------+-------+---------+---------+-------
